NEW YORK Rangers vs TORONTO Maple Leafs

Created - 29 février 2024 at 16:11

Goals
1 2 3 T
NEW YORK Rangers 1 1 2 4
TORONTO Maple Leafs 0 1 0 1
Shots
1 2 3 T
NEW YORK Rangers 26 11 12 49
TORONTO Maple Leafs 2 12 3 17

1st period

1. NEW YORK Rangers , Chris Kreider 18 (Tyler Myers 15) at 12:55 (PP)

Penalties :
Shayne Gostisbehere (TOR) for Interference (Minor) at 0:17, Vince Dunn (TOR) for Tripping (Minor) at 2:26, John Marino (TOR) for Cross-checking (Minor) at 4:49, Artem Zub (TOR) for Holding Stick (Minor) at 11:28

2nd period

2. NEW YORK Rangers , Timo Meier 13 (Brayden Schenn 16, Tyler Myers 16) at 4:35
3. TORONTO Maple Leafs , John Marino 4 (Sam Lafferty 6) at 13:36 (PP)

Penalties :
Justin Faulk (NYR) for Tripping (Minor) at 13:20

3rd period

4. NEW YORK Rangers , Brayden Schenn 7 (Tyler Myers 17, Timo Meier 13) at 8:22
5. NEW YORK Rangers , Jared Spurgeon 9 (Jamie Benn 31, Justin Faulk 22) at 17:52

Penalties :
Vince Dunn (TOR) for Interference (Minor) at 0:15, Vince Dunn (TOR) for Hooking (Minor) at 4:39, Shayne Gostisbehere (TOR) for High sticking (Minor) at 19:55

Goalie Stats

Linus Ullmark (NYR), 16 saves from 17 shots - (0,941), W, 19-6-4, 60:00 minutes
Matt Murray (TOR), 45 saves from 49 shots - (0,918), L, 14-13-2, 60:00 minutes

Players Stats for NEW YORK Rangers

Player Name              G  A  P  +/- PIM S  H  SB GA TA FO     MP     PP MP  PK MP  
------------------------------------------------------------------------------------
Andrew Copp              0  0  0   0  0   1  0  0  0  0  6/13   15:35   5:04   0:00 
Brayden Schenn           1  1  2   2  0   5  2  0  0  0  15/32  21:12   6:22   0:00 
Cam Fowler               0  0  0   2  0   0  1  0  0  0  0/0    21:29   5:33   0:16 
Casey Cizikas            0  0  0   0  0   0  0  0  0  0  2/4     4:30   0:00   0:00 
Chris Kreider            1  0  1   1  0   8  2  0  0  0  0/2    23:47   5:04   0:16 
Conor Garland            0  0  0   2  0   3  0  0  0  0  1/2    14:50   0:00   0:00 
Dante Fabbro             0  0  0   0  0   0  1  1  0  0  0/0    13:21   0:00   0:00 
Jacob Middleton          0  0  0   0  0   0  1  1  0  0  0/0    13:21   0:00   0:00 
Jamie Benn               0  1  1   1  0   6  2  0  0  0  19/32  23:47   5:04   0:16 
Jared Spurgeon           1  0  1   1  0   4  0  1  0  0  0/0    25:10   5:53   0:00 
Justin Faulk             0  1  1   1  2   4  2  2  0  0  0/0    25:09   5:53   0:00 
Kasperi Kapanen          0  0  0   0  0   1  2  0  0  0  0/0    16:53   6:22   0:00 
Kirill Marchenko         0  0  0   0  0   2  0  0  0  0  1/1    10:31   0:00   0:00 
Mats Zuccarello          0  0  0   1  0   5  1  0  0  0  0/0    18:27   0:00   0:00 
Ryan Lomberg             0  0  0   0  0   1  0  0  0  0  0/1     4:30   0:00   0:00 
Timo Meier               1  1  2   2  0   3  2  0  0  0  2/3    21:12   6:22   0:00 
Tyler Myers              0  3  3   2  0   6  2  0  0  0  0/0    21:29   5:33   0:16 
Vladislav Namestnikov    0  0  0   0  0   0  0  0  0  0  0/0     4:30   0:00   0:00 

Players Stats for TORONTO Maple Leafs

Player Name              G  A  P  +/- PIM S  H  SB GA TA FO     MP     PP MP  PK MP  
------------------------------------------------------------------------------------
Alex Goligoski           0  0  0  -1  0   0  0  3  0  0  0/0    18:59   0:00   6:16 
Alexander Holtz          0  0  0  -1  0   0  0  0  0  0  0/0     5:01   0:00   0:00 
Artem Zub                0  0  0  -1  2   0  4  1  0  0  0/0    15:12   0:00   2:30 
Colin White              0  0  0  -1  0   2  0  0  0  0  0/2    15:36   0:16   0:05 
Corey Perry              0  0  0  -1  0   1  2  0  0  0  0/0    25:16   0:00   7:15 
Janne Kuokkanen          0  0  0  -1  0   0  1  0  0  0  0/0     5:01   0:00   0:00 
John Marino              1  0  1  -1  2   1  6  3  0  0  0/0    21:11   0:16   3:53 
Jonah Gadjovich          0  0  0   0  0   0  3  1  0  0  0/1    10:01   0:00   0:00 
Josh Bailey              0  0  0  -1  0   0  0  0  0  0  3/11   22:07   0:00   4:06 
Kevin Stenlund           0  0  0  -1  0   0  1  1  0  0  4/10    5:01   0:00   0:00 
Mark Jankowski           0  0  0  -1  0   1  0  0  0  0  1/1    15:36   0:16   0:05 
Nick Leddy               0  0  0  -1  0   2  0  4  0  0  0/0    22:24   0:16   5:05 
Ryan Carpenter           0  0  0   0  0   2  0  1  0  0  2/11   10:01   0:00   0:00 
Sam Lafferty             0  1  1  -1  0   1  5  0  0  0  9/16   19:37   0:16   4:06 
Shayne Gostisbehere      0  0  0  -1  4   0  1  2  0  0  0/0    23:18   0:00   4:48 
Simon Holmstrom          0  0  0   0  0   0  0  0  0  0  0/0    10:01   0:00   0:00 
Tyler Seguin             0  0  0  -1  0   6  1  0  0  0  25/38  25:21   0:00   7:20 
Vince Dunn               0  0  0  -1  6   1  2  0  0  0  0/0    18:44   0:00   0:15 

3 Stars

1 - Tyler Myers (NYR)
2 - Brayden Schenn (NYR)
3 - Timo Meier (NYR)

Power Play

NEW YORK Rangers - 1 on 7 Attempt(s) - 14,29%
TORONTO Maple Leafs - 1 on 1 Attempt(s) - 100,00%

Penalty Kill

NEW YORK Rangers - 0 on 1 Attempt(s) - 0,00% - Score 0 goal in Penalty Kill
TORONTO Maple Leafs - 6 on 7 Attempt(s) - 85,71% - Score 0 goal in Penalty Kill

Team Stat

NEW YORK Rangers - Hits : 18 - Faceoff Wins : 46 - Blocked Shots : 5 - Penalty Minutes : 2
TORONTO Maple Leafs - Hits : 26 - Faceoff Wins : 44 - Blocked Shots : 16 - Penalty Minutes : 14

Official

Referees : Kelly Cooke and Cody Beach
Linesman : Derek Morris and Kirsten Welsh

Game Notes

No Game Note

Finance

Level 1 -- Attendance: 5809 (82,99%) -- Ticket Income $551,855
Level 2 -- Attendance: 4046 (67,43%) -- Ticket Income $242,760
Level 3 -- Attendance: 1824 (60,80%) -- Ticket Income $72,960
Level 4 -- Attendance: 4233 (70,55%) -- Ticket Income $84,660
Luxury Box -- Attendance: 676 (67,60%) -- Ticket Income $152,100
Game was played at the Air Canada Centre.
Total Attendance: 16588 (72,12%)
Total Ticket Income: $1,104,335
Other Income: $276,084
Total Income: $1,380,419

NEW YORK Rangers

5 vs 5 Forward 
   Center                   Left Wing                Right Wing               Time % Phy DF OF 
 1 Jamie Benn               Chris Kreider            Mats Zuccarello          40     1   2  2  
 2 Brayden Schenn           Timo Meier               Conor Garland            30     1   2  2  
 3 Andrew Copp              Kasperi Kapanen          Kirill Marchenko         20     1   3  1  
 4 Casey Cizikas            Ryan Lomberg             Vladislav Namestnikov    10     3   2  0  

5 vs 5 Defense 
   Defense                  Defense                                           Time % Phy DF OF 
 1 Jared Spurgeon           Justin Faulk                                      40     0   3  2  
 2 Cam Fowler               Tyler Myers                                       33     1   3  1  
 3 Jacob Middleton          Dante Fabbro                                      26     2   2  1  
 4 Jared Spurgeon           Justin Faulk                                      1      1   2  2  

PowerPlay Forward 
   Center                   Left Wing                Right Wing               Time % Phy DF OF 
 1 Jamie Benn               Chris Kreider            Andrew Copp              60     1   2  2  
 2 Brayden Schenn           Timo Meier               Kasperi Kapanen          40     1   2  2  

PowerPlay Defense
   Defense                  Defense                                           Time % Phy DF OF 
 1 Jared Spurgeon           Justin Faulk                                      60     1   2  2  
 2 Cam Fowler               Tyler Myers                                       40     1   2  2  

Penalty Kill 4 Players Forward 
   Center                   Wing                     Time % Phy DF OF 
 1 Jamie Benn               Chris Kreider            60     1   2  2  
 2 Brayden Schenn           Timo Meier               40     1   2  2  

Penalty Kill 4 Players Defense
   Defense                  Defense                  Time % Phy DF OF 
 1 Jared Spurgeon           Justin Faulk             60     1   2  2  
 2 Cam Fowler               Tyler Myers              40     1   2  2  

Penalty Kill - 3 Players Forward 
   Forward                                           Time % Phy DF OF 
 1 Jamie Benn                                        60     1   2  2  
 2 Brayden Schenn                                    40     1   2  2  

Penalty Kill - 3 Players Defense
   Defense                  Defense                  Time % Phy DF OF 
 1 Jared Spurgeon           Justin Faulk             60     1   2  2  
 2 Cam Fowler               Tyler Myers              40     1   2  2  

4 vs 4 Forward 
   Center                   Wing                     Time % Phy DF OF 
 1 Jamie Benn               Chris Kreider            60     1   2  2  
 2 Brayden Schenn           Timo Meier               40     1   2  2  

4 vs 4 Defense
   Defense                  Defense                  Time % Phy DF OF 
 1 Jared Spurgeon           Justin Faulk             60     1   2  2  
 2 Cam Fowler               Tyler Myers              40     1   2  2  

Last Minutes Offensive
   Center                   Left Wing                Right Wing               Defense                  Defense                  
   Jamie Benn               Chris Kreider            Andrew Copp              Jared Spurgeon           Justin Faulk             

Last Minutes Defensive
   Center                   Left Wing                Right Wing               Defense                  Defense                  
   Jamie Benn               Chris Kreider            Andrew Copp              Jared Spurgeon           Justin Faulk             

Goaltenders
Starting : Linus Ullmark            
Backup : Eric Comrie              

Extra Forwards
Normal : Brayden Schenn, Andrew Copp, Conor Garland - PP : Brayden Schenn, Andrew Copp - PK : Brayden Schenn
Extra Defensemen
Normal : Tyler Myers, Jacob Middleton, Dante Fabbro - PP : Tyler Myers - PK : Tyler Myers, Jacob Middleton
Penalty Shots
Jamie Benn, Chris Kreider, Timo Meier, Mats Zuccarello, Brayden Schenn

Scratches
Mason Shaw (Healthy)

TORONTO Maple Leafs

5 vs 5 Forward 
   Center                   Left Wing                Right Wing               Time % Phy DF OF 
 1 Tyler Seguin             Josh Bailey              Corey Perry              40     1   2  2  
 2 Sam Lafferty             Mark Jankowski           Colin White              30     1   2  2  
 3 Ryan Carpenter           Jonah Gadjovich          Simon Holmstrom          20     1   2  2  
 4 Kevin Stenlund           Janne Kuokkanen          Alexander Holtz          10     1   2  2  

5 vs 5 Defense 
   Defense                  Defense                                           Time % Phy DF OF 
 1 Vince Dunn               Shayne Gostisbehere                               40     1   2  2  
 2 Nick Leddy               John Marino                                       30     1   2  2  
 3 Alex Goligoski           Artem Zub                                         20     1   2  2  
 4 Vince Dunn               Shayne Gostisbehere                               10     1   2  2  

PowerPlay Forward 
   Center                   Left Wing                Right Wing               Time % Phy DF OF 
 1 Tyler Seguin             Josh Bailey              Corey Perry              60     1   2  2  
 2 Sam Lafferty             Mark Jankowski           Colin White              40     1   2  2  

PowerPlay Defense
   Defense                  Defense                                           Time % Phy DF OF 
 1 Vince Dunn               Shayne Gostisbehere                               60     1   2  2  
 2 Nick Leddy               John Marino                                       40     1   2  2  

Penalty Kill 4 Players Forward 
   Center                   Wing                     Time % Phy DF OF 
 1 Tyler Seguin             Corey Perry              60     1   2  2  
 2 Josh Bailey              Sam Lafferty             40     1   2  2  

Penalty Kill 4 Players Defense
   Defense                  Defense                  Time % Phy DF OF 
 1 Alex Goligoski           Shayne Gostisbehere      60     1   2  2  
 2 Nick Leddy               John Marino              40     1   2  2  

Penalty Kill - 3 Players Forward 
   Forward                                           Time % Phy DF OF 
 1 Tyler Seguin                                      60     1   2  2  
 2 Corey Perry                                       40     1   2  2  

Penalty Kill - 3 Players Defense
   Defense                  Defense                  Time % Phy DF OF 
 1 Vince Dunn               Shayne Gostisbehere      60     1   2  2  
 2 Nick Leddy               John Marino              40     1   2  2  

4 vs 4 Forward 
   Center                   Wing                     Time % Phy DF OF 
 1 Tyler Seguin             Corey Perry              60     1   2  2  
 2 Josh Bailey              Sam Lafferty             40     1   2  2  

4 vs 4 Defense
   Defense                  Defense                  Time % Phy DF OF 
 1 Artem Zub                Shayne Gostisbehere      60     1   2  2  
 2 Nick Leddy               John Marino              40     1   2  2  

Last Minutes Offensive
   Center                   Left Wing                Right Wing               Defense                  Defense                  
   Tyler Seguin             Josh Bailey              Corey Perry              Vince Dunn               Shayne Gostisbehere      

Last Minutes Defensive
   Center                   Left Wing                Right Wing               Defense                  Defense                  
   Tyler Seguin             Josh Bailey              Corey Perry              Vince Dunn               Shayne Gostisbehere      

Goaltenders
Starting : Matt Murray              
Backup : Alex Nedeljkovic         

Extra Forwards
Normal : Ryan Carpenter, Simon Holmstrom, Jonah Gadjovich - PP : Ryan Carpenter, Simon Holmstrom - PK : Jonah Gadjovich
Extra Defensemen
Normal : Alex Goligoski, Artem Zub, Vince Dunn - PP : Alex Goligoski - PK : Artem Zub, Vince Dunn
Penalty Shots
Tyler Seguin, Corey Perry, Josh Bailey, Sam Lafferty, Colin White

Scratches
Mark Friedman (Healthy), Dennis Gilbert (Healthy)

% Time on Ice - NEW YORK Rangers

Lines # - Real PCT - Wanted PCT - Time Play
Normal Forward
1 - 38% - 40% - 18:27
2 - 31% - 30% - 14:50
3 - 22% - 20% - 10:31
4 - 9% - 10% - 4:30
Normal Defense
1 - 40% - 40% - 19:17
2 - 32% - 33% - 15:40
3 - 28% - 26% - 13:21
4 - 0% - 1% - 0:00
PP Forward
1 - 44% - 60% - 5:04
2 - 56% - 40% - 6:22
PP Defense
1 - 51% - 60% - 5:53
2 - 49% - 40% - 5:33
PK Forward
1 - 100% - 60% - 0:16
2 - 0% - 40% - 0:00
PK Defense
1 - 0% - 60% - 0:00
2 - 100% - 40% - 0:16
PK3 Forward
1 - 0% - 60%
2 - 0% - 40%
PK3 Defense
1 - 0% - 60%
2 - 0% - 40%
44 Forward
1 - 0% - 60%
2 - 0% - 40%
44 Defense
1 - 0% - 60%
2 - 0% - 40%
Last Minute Offensive  - 0:00
Last Minute Defensive  - 0:00
Total
Forward - 60:00
Defense - 60:00

% Time on Ice - TORONTO Maple Leafs

Lines # - Real PCT - Wanted PCT - Time Play
Normal Forward
1 - 37% - 40% - 18:01
2 - 32% - 30% - 15:15
3 - 21% - 20% - 10:01
4 - 10% - 10% - 5:01
Normal Defense
1 - 37% - 40% - 17:54
2 - 35% - 30% - 17:03
3 - 26% - 20% - 12:43
4 - 1% - 10% - 0:38
PP Forward
1 - 0% - 60% - 0:00
2 - 100% - 40% - 0:16
PP Defense
1 - 0% - 60% - 0:00
2 - 100% - 40% - 0:16
PK Forward
1 - 64% - 60% - 7:20
2 - 36% - 40% - 4:06
PK Defense
1 - 55% - 60% - 6:16
2 - 45% - 40% - 5:10
PK3 Forward
1 - 0% - 60%
2 - 0% - 40%
PK3 Defense
1 - 0% - 60%
2 - 0% - 40%
44 Forward
1 - 0% - 60%
2 - 0% - 40%
44 Defense
1 - 0% - 60%
2 - 0% - 40%
Last Minute Offensive  - 0:00
Last Minute Defensive  - 0:00
Total
Forward - 60:00
Defense - 60:00

Play-by-Play

1st period


0:01 of 1st period - Tyler Seguin wins face-off versus Chris Kreider in neutral zone.
0:08 of 1st period - Shot by Tyler Seguin.
0:08 of 1st period - Shot Blocked by Justin Faulk.
0:17 of 1st period - Minor Penalty to Shayne Gostisbehere for Interference.
0:18 of 1st period - Brayden Schenn wins face-off versus Tyler Seguin in TORONTO Maple Leafs zone.
0:27 of 1st period - Shot by Tyler Myers.
0:27 of 1st period - Stopped by Matt Murray without a rebound.
0:28 of 1st period - Jamie Benn wins face-off versus Josh Bailey in TORONTO Maple Leafs zone.
0:49 of 1st period - Shot by Justin Faulk.
0:49 of 1st period - Stopped by Matt Murray without a rebound.
0:50 of 1st period - Brayden Schenn wins face-off versus Josh Bailey in TORONTO Maple Leafs zone.
1:21 of 1st period - Shot by Timo Meier.
1:21 of 1st period - Shot Blocked by Alex Goligoski.
2:20 of 1st period - Ryan Lomberg is hit by Vince Dunn and loses puck.
2:26 of 1st period - Minor Penalty to Vince Dunn for Tripping.
2:27 of 1st period - Brayden Schenn wins face-off versus Josh Bailey in TORONTO Maple Leafs zone.
2:48 of 1st period - Shot by Timo Meier.
2:48 of 1st period - Shot Misses the Net.
2:50 of 1st period - Shot by Tyler Myers.
2:50 of 1st period - Stopped by Matt Murray without a rebound.
2:51 of 1st period - Jamie Benn wins face-off versus Josh Bailey in TORONTO Maple Leafs zone.
2:56 of 1st period - Shot by Jamie Benn.
2:56 of 1st period - Stopped by Matt Murray without a rebound.
2:57 of 1st period - Tyler Seguin wins face-off versus Jamie Benn in TORONTO Maple Leafs zone.
2:57 of 1st period - Tyler Seguin is hit by Jamie Benn.
3:13 of 1st period - Shot by Jamie Benn.
3:13 of 1st period - Shot Misses the Net.
3:31 of 1st period - Shot by Justin Faulk.
3:31 of 1st period - Deflect By Chris Kreider.
3:31 of 1st period - Shot Misses the Net.
3:33 of 1st period - Shot by Andrew Copp.
3:33 of 1st period - Stopped by Matt Murray without a rebound.
3:34 of 1st period - Josh Bailey wins face-off versus Timo Meier in TORONTO Maple Leafs zone.
3:49 of 1st period - Shot by Timo Meier.
3:49 of 1st period - Stopped by Matt Murray without a rebound.
3:50 of 1st period - Josh Bailey wins face-off versus Brayden Schenn in TORONTO Maple Leafs zone.
4:11 of 1st period - Shot by Timo Meier.
4:11 of 1st period - Shot Misses the Net.
4:21 of 1st period - Shot by Jared Spurgeon.
4:21 of 1st period - Shot Blocked by Shayne Gostisbehere.
4:23 of 1st period - Shot by Kasperi Kapanen.
4:23 of 1st period - Stopped by Matt Murray with a rebound.
4:25 of 1st period - Shot by Brayden Schenn.
4:25 of 1st period - Stopped by Matt Murray without a rebound.
4:26 of 1st period - Jamie Benn wins face-off versus Ryan Carpenter in TORONTO Maple Leafs zone.
4:49 of 1st period - Shot by Jamie Benn.
4:49 of 1st period - Stopped by Matt Murray without a rebound.
4:49 of 1st period - Minor Penalty to John Marino for Cross-checking.
4:50 of 1st period - Jamie Benn wins face-off versus Tyler Seguin in TORONTO Maple Leafs zone.
4:59 of 1st period - Shot by Justin Faulk.
4:59 of 1st period - Stopped by Matt Murray without a rebound.
5:00 of 1st period - Tyler Seguin wins face-off versus Brayden Schenn in TORONTO Maple Leafs zone.
5:13 of 1st period - Shot by Tyler Myers.
5:13 of 1st period - Stopped by Matt Murray without a rebound.
5:14 of 1st period - Tyler Seguin wins face-off versus Chris Kreider in TORONTO Maple Leafs zone.
5:14 of 1st period - Tyler Seguin is hit by Chris Kreider.
6:38 of 1st period - Vince Dunn is hit by Brayden Schenn and loses puck.
9:01 of 1st period - Shot by Jamie Benn.
9:01 of 1st period - Stopped by Matt Murray without a rebound.
9:02 of 1st period - Kevin Stenlund wins face-off versus Andrew Copp in TORONTO Maple Leafs zone.
9:25 of 1st period - Shot by Andrew Copp.
9:25 of 1st period - Shot Blocked by Kevin Stenlund.
9:27 of 1st period - Shot by Jacob Middleton.
9:27 of 1st period - Shot Misses the Net.
9:29 of 1st period - Shot by Kirill Marchenko.
9:29 of 1st period - Shot Misses the Net.
9:31 of 1st period - Shot by Kirill Marchenko.
9:31 of 1st period - Stopped by Matt Murray without a rebound.
9:32 of 1st period - Jamie Benn wins face-off versus Tyler Seguin in TORONTO Maple Leafs zone.
9:35 of 1st period - Shot by Chris Kreider.
9:35 of 1st period - Stopped by Matt Murray with a rebound.
9:37 of 1st period - Shot by Jamie Benn.
9:37 of 1st period - Deflect By Mats Zuccarello.
9:37 of 1st period - Stopped by Matt Murray without a rebound.
9:38 of 1st period - Tyler Seguin wins face-off versus Jamie Benn in TORONTO Maple Leafs zone.
10:06 of 1st period - Shot by Chris Kreider.
10:06 of 1st period - Stopped by Matt Murray without a rebound.
10:07 of 1st period - Sam Lafferty wins face-off versus Andrew Copp in TORONTO Maple Leafs zone.
10:07 of 1st period - Colin White is hit by Kasperi Kapanen.
10:28 of 1st period - Shot by Sam Lafferty.
10:28 of 1st period - Shot Misses the Net.
11:02 of 1st period - Jared Spurgeon is hit by Sam Lafferty and loses puck.
11:13 of 1st period - Shot by Tyler Seguin.
11:13 of 1st period - Shot Blocked by Jared Spurgeon.
11:18 of 1st period - Justin Faulk is hit by John Marino and loses puck.
11:25 of 1st period - Shot by Jamie Benn.
11:25 of 1st period - Stopped by Matt Murray without a rebound.
11:26 of 1st period - Brayden Schenn wins face-off versus Jonah Gadjovich in TORONTO Maple Leafs zone.
11:27 of 1st period - Shot by Timo Meier.
11:27 of 1st period - Shot Blocked by Artem Zub.
11:28 of 1st period - Minor Penalty to Artem Zub for Holding Stick.
11:29 of 1st period - Tyler Seguin wins face-off versus Brayden Schenn in TORONTO Maple Leafs zone.
11:45 of 1st period - Shot by Justin Faulk.
11:45 of 1st period - Shot Misses the Net.
11:55 of 1st period - Shot by Jared Spurgeon.
11:55 of 1st period - Stopped by Matt Murray with a rebound.
11:57 of 1st period - Shot by Kasperi Kapanen.
11:57 of 1st period - Shot Misses the Net.
12:48 of 1st period - Shayne Gostisbehere is hit by Jamie Benn and loses puck.
12:55 of 1st period - Shot by Chris Kreider.
12:55 of 1st period - Goal by Chris Kreider - NEW YORK Rangers : 1 - TORONTO Maple Leafs : 0.
12:56 of 1st period - Casey Cizikas wins face-off versus Ryan Carpenter in neutral zone.
13:18 of 1st period - Shot by Casey Cizikas.
13:18 of 1st period - Shot Blocked by Shayne Gostisbehere.
14:06 of 1st period - Off-side.
14:07 of 1st period - Jamie Benn wins face-off versus Tyler Seguin in neutral zone.
14:24 of 1st period - Shot by Chris Kreider.
14:24 of 1st period - Stopped by Matt Murray without a rebound.
14:25 of 1st period - Timo Meier wins face-off versus Sam Lafferty in TORONTO Maple Leafs zone.
14:49 of 1st period - Mark Jankowski is hit by Justin Faulk and loses puck.
15:44 of 1st period - Shot by Jamie Benn.
15:44 of 1st period - Shot Misses the Net.
15:46 of 1st period - Shot by Jamie Benn.
15:46 of 1st period - Stopped by Matt Murray with a rebound.
16:36 of 1st period - Shot by Nick Leddy.
16:36 of 1st period - Stopped by Linus Ullmark without a rebound.
16:37 of 1st period - Casey Cizikas wins face-off versus Kevin Stenlund in NEW YORK Rangers zone.
16:48 of 1st period - Shot by Ryan Lomberg.
16:48 of 1st period - Stopped by Matt Murray without a rebound.
16:49 of 1st period - Timo Meier wins face-off versus Tyler Seguin in TORONTO Maple Leafs zone.
17:05 of 1st period - Josh Bailey is hit by Timo Meier and loses puck.
17:22 of 1st period - Shot by Tyler Seguin.
17:22 of 1st period - Stopped by Linus Ullmark without a rebound.
17:23 of 1st period - Ryan Carpenter wins face-off versus Jamie Benn in NEW YORK Rangers zone.
17:30 of 1st period - Shot by Chris Kreider.
17:30 of 1st period - Shot Misses the Net.
17:32 of 1st period - Shot by Chris Kreider.
17:32 of 1st period - Shot Misses the Net.
17:34 of 1st period - Shot by Cam Fowler.
17:34 of 1st period - Deflect By Chris Kreider.
17:34 of 1st period - Stopped by Matt Murray without a rebound.
17:35 of 1st period - Kevin Stenlund wins face-off versus Andrew Copp in TORONTO Maple Leafs zone.
18:00 of 1st period - Icing by Kirill Marchenko.
18:01 of 1st period - Tyler Seguin wins face-off versus Andrew Copp in NEW YORK Rangers zone.
18:30 of 1st period - Shot by Corey Perry.
18:30 of 1st period - Shot Blocked by Dante Fabbro.
18:46 of 1st period - Tyler Seguin is hit by Mats Zuccarello and loses puck.
18:57 of 1st period - Shot by Chris Kreider.
18:57 of 1st period - Shot Blocked by John Marino.
18:59 of 1st period - Shot by Justin Faulk.
18:59 of 1st period - Shot Misses the Net.
19:01 of 1st period - Shot by Jamie Benn.
19:01 of 1st period - Stopped by Matt Murray with a rebound.
19:03 of 1st period - Shot by Justin Faulk.
19:03 of 1st period - Shot Blocked by Nick Leddy.
19:05 of 1st period - Shot by Mats Zuccarello.
19:05 of 1st period - Stopped by Matt Murray with a rebound.
19:12 of 1st period - Chris Kreider is hit by John Marino and loses puck.
19:23 of 1st period - Jamie Benn is hit by Tyler Seguin and loses puck.
19:44 of 1st period - John Marino is hit by Brayden Schenn and loses puck.
19:59 of 1st period - Shot by Brayden Schenn.
19:59 of 1st period - Stopped by Matt Murray without a rebound.
Goals for this period are 1 for NEW YORK Rangers vs 0 for TORONTO Maple Leafs.
Shots for this period are 26 for NEW YORK Rangers vs 2 for TORONTO Maple Leafs.

2nd period


0:01 of 2nd period - Tyler Seguin wins face-off versus Jamie Benn in neutral zone.
0:13 of 2nd period - Shot by Chris Kreider.
0:13 of 2nd period - Stopped by Matt Murray without a rebound.
0:14 of 2nd period - Sam Lafferty wins face-off versus Brayden Schenn in TORONTO Maple Leafs zone.
0:32 of 2nd period - Icing by Alex Goligoski.
0:33 of 2nd period - Sam Lafferty wins face-off versus Jamie Benn in TORONTO Maple Leafs zone.
1:14 of 2nd period - Mats Zuccarello is hit by Artem Zub.
1:25 of 2nd period - Icing by Alex Goligoski.
1:26 of 2nd period - Brayden Schenn wins face-off versus Sam Lafferty in TORONTO Maple Leafs zone.
1:31 of 2nd period - Shot by Conor Garland.
1:31 of 2nd period - Stopped by Matt Murray with a rebound.
1:54 of 2nd period - Shot by Tyler Seguin.
1:54 of 2nd period - Stopped by Linus Ullmark without a rebound.
1:55 of 2nd period - Andrew Copp wins face-off versus Ryan Carpenter in NEW YORK Rangers zone.
2:11 of 2nd period - Off-side.
2:12 of 2nd period - Josh Bailey wins face-off versus Jamie Benn in neutral zone.
3:06 of 2nd period - Justin Faulk is hit by Vince Dunn and loses puck.
3:17 of 2nd period - Tyler Myers is hit by Jonah Gadjovich and loses puck.
3:26 of 2nd period - Shot by Ryan Carpenter.
3:26 of 2nd period - Stopped by Linus Ullmark without a rebound.
3:27 of 2nd period - Kirill Marchenko wins face-off versus Sam Lafferty in NEW YORK Rangers zone.
3:27 of 2nd period - Kirill Marchenko is hit by Sam Lafferty.
3:32 of 2nd period - Kasperi Kapanen is hit by Artem Zub and loses puck.
4:05 of 2nd period - Shot by Kirill Marchenko.
4:05 of 2nd period - Stopped by Matt Murray without a rebound.
4:06 of 2nd period - Brayden Schenn wins face-off versus Ryan Carpenter in TORONTO Maple Leafs zone.
4:09 of 2nd period - Shot by Conor Garland.
4:09 of 2nd period - Stopped by Matt Murray without a rebound.
4:10 of 2nd period - Brayden Schenn wins face-off versus Josh Bailey in TORONTO Maple Leafs zone.
4:35 of 2nd period - Shot by Timo Meier.
4:35 of 2nd period - Goal by Timo Meier - NEW YORK Rangers : 2 - TORONTO Maple Leafs : 0.
4:36 of 2nd period - Jamie Benn wins face-off versus Ryan Carpenter in neutral zone.
4:53 of 2nd period - Jared Spurgeon is hit by Jonah Gadjovich.
5:47 of 2nd period - Tyler Seguin is hit by Cam Fowler and loses puck.
5:55 of 2nd period - Tyler Seguin is hit by Tyler Myers and loses puck.
5:59 of 2nd period - Icing by Tyler Myers.
6:00 of 2nd period - Sam Lafferty wins face-off versus Brayden Schenn in NEW YORK Rangers zone.
6:35 of 2nd period - Sam Lafferty is hit by Tyler Myers and loses puck.
6:39 of 2nd period - Icing by Brayden Schenn.
6:40 of 2nd period - Brayden Schenn wins face-off versus Tyler Seguin in NEW YORK Rangers zone.
6:55 of 2nd period - Shot by Tyler Seguin.
6:55 of 2nd period - Stopped by Linus Ullmark without a rebound.
6:56 of 2nd period - Jamie Benn wins face-off versus Kevin Stenlund in NEW YORK Rangers zone.
7:17 of 2nd period - Shot by Chris Kreider.
7:17 of 2nd period - Stopped by Matt Murray without a rebound.
7:18 of 2nd period - Tyler Seguin wins face-off versus Andrew Copp in TORONTO Maple Leafs zone.
8:09 of 2nd period - Icing by Andrew Copp.
8:10 of 2nd period - Andrew Copp wins face-off versus Sam Lafferty in NEW YORK Rangers zone.
8:35 of 2nd period - Shot by Sam Lafferty.
8:35 of 2nd period - Shot Blocked by Jacob Middleton.
8:39 of 2nd period - Shot by Colin White.
8:39 of 2nd period - Stopped by Linus Ullmark without a rebound.
8:40 of 2nd period - Ryan Carpenter wins face-off versus Jamie Benn in NEW YORK Rangers zone.
9:00 of 2nd period - Artem Zub is hit by Justin Faulk.
9:24 of 2nd period - Shot by Chris Kreider.
9:24 of 2nd period - Stopped by Matt Murray without a rebound.
9:25 of 2nd period - Brayden Schenn wins face-off versus Tyler Seguin in TORONTO Maple Leafs zone.
9:28 of 2nd period - Shot by Brayden Schenn.
9:28 of 2nd period - Stopped by Matt Murray without a rebound.
9:29 of 2nd period - Brayden Schenn wins face-off versus Tyler Seguin in TORONTO Maple Leafs zone.
9:30 of 2nd period - Shot by Timo Meier.
9:30 of 2nd period - Shot Misses the Net.
9:56 of 2nd period - Shot by Conor Garland.
9:56 of 2nd period - Stopped by Matt Murray without a rebound.
9:57 of 2nd period - Jamie Benn wins face-off versus Sam Lafferty in TORONTO Maple Leafs zone.
10:28 of 2nd period - Shot by Nick Leddy.
10:28 of 2nd period - Stopped by Linus Ullmark without a rebound.
10:29 of 2nd period - Tyler Seguin wins face-off versus Brayden Schenn in NEW YORK Rangers zone.
10:55 of 2nd period - Icing by Timo Meier.
10:56 of 2nd period - Kevin Stenlund wins face-off versus Brayden Schenn in NEW YORK Rangers zone.
11:11 of 2nd period - Shot by Timo Meier.
11:11 of 2nd period - Shot Misses the Net.
11:57 of 2nd period - Shot by Shayne Gostisbehere.
11:57 of 2nd period - Shot Misses the Net.
11:59 of 2nd period - Shot by Tyler Seguin.
11:59 of 2nd period - Stopped by Linus Ullmark without a rebound.
12:00 of 2nd period - Sam Lafferty wins face-off versus Ryan Lomberg in NEW YORK Rangers zone.
12:00 of 2nd period - Sam Lafferty is hit by Jacob Middleton.
12:28 of 2nd period - Shot by Mark Jankowski.
12:28 of 2nd period - Stopped by Linus Ullmark without a rebound.
12:29 of 2nd period - Tyler Seguin wins face-off versus Jamie Benn in NEW YORK Rangers zone.
12:44 of 2nd period - Shot by Corey Perry.
12:44 of 2nd period - Stopped by Linus Ullmark with a rebound.
13:09 of 2nd period - Vince Dunn is hit by Chris Kreider and loses puck.
13:20 of 2nd period - Minor Penalty to Justin Faulk for Tripping.
13:21 of 2nd period - Mark Jankowski wins face-off versus Jamie Benn in NEW YORK Rangers zone.
13:36 of 2nd period - Shot by John Marino.
13:36 of 2nd period - Goal by John Marino - NEW YORK Rangers : 2 - TORONTO Maple Leafs : 1.
13:37 of 2nd period - Brayden Schenn wins face-off versus Ryan Carpenter in neutral zone.
14:02 of 2nd period - Shot by Timo Meier.
14:02 of 2nd period - Shot Misses the Net.
14:12 of 2nd period - Shot by Brayden Schenn.
14:12 of 2nd period - Shot Blocked by Ryan Carpenter.
14:14 of 2nd period - Shot by Jacob Middleton.
14:14 of 2nd period - Shot Misses the Net.
14:16 of 2nd period - Shot by Timo Meier.
14:16 of 2nd period - Shot Misses the Net.
14:56 of 2nd period - Icing by Shayne Gostisbehere.
14:57 of 2nd period - Tyler Seguin wins face-off versus Casey Cizikas in TORONTO Maple Leafs zone.
15:21 of 2nd period - Off-side.
15:22 of 2nd period - Jamie Benn wins face-off versus Sam Lafferty in neutral zone.
15:31 of 2nd period - Shot by Jamie Benn.
15:31 of 2nd period - Shot Misses the Net.
15:33 of 2nd period - Shot by Jamie Benn.
15:33 of 2nd period - Shot Blocked by John Marino.
15:35 of 2nd period - Shot by Chris Kreider.
15:35 of 2nd period - Deflect By Mats Zuccarello.
15:35 of 2nd period - Shot Misses the Net.
15:47 of 2nd period - Shot by Mats Zuccarello.
15:47 of 2nd period - Shot Misses the Net.
15:49 of 2nd period - Shot by Mats Zuccarello.
15:49 of 2nd period - Stopped by Matt Murray with a rebound.
15:57 of 2nd period - Shot by Mats Zuccarello.
15:57 of 2nd period - Shot Blocked by Nick Leddy.
16:37 of 2nd period - Shot by Ryan Carpenter.
16:37 of 2nd period - Stopped by Linus Ullmark without a rebound.
16:38 of 2nd period - Tyler Seguin wins face-off versus Brayden Schenn in NEW YORK Rangers zone.
16:41 of 2nd period - Shot by Tyler Seguin.
16:41 of 2nd period - Stopped by Linus Ullmark without a rebound.
16:42 of 2nd period - Tyler Seguin wins face-off versus Brayden Schenn in NEW YORK Rangers zone.
17:19 of 2nd period - Shot by Vince Dunn.
17:19 of 2nd period - Stopped by Linus Ullmark without a rebound.
17:20 of 2nd period - Andrew Copp wins face-off versus Sam Lafferty in NEW YORK Rangers zone.
17:40 of 2nd period - Dante Fabbro is hit by Sam Lafferty and loses puck.
18:14 of 2nd period - Off-side.
18:15 of 2nd period - Jamie Benn wins face-off versus Tyler Seguin in neutral zone.
19:29 of 2nd period - Shot by Brayden Schenn.
19:29 of 2nd period - Shot Blocked by Jonah Gadjovich.
19:31 of 2nd period - Shot by Tyler Myers.
19:31 of 2nd period - Shot Blocked by Alex Goligoski.
19:33 of 2nd period - Shot by Tyler Myers.
19:33 of 2nd period - Stopped by Matt Murray without a rebound.
19:34 of 2nd period - Andrew Copp wins face-off versus Kevin Stenlund in TORONTO Maple Leafs zone.
Goals for this period are 1 for NEW YORK Rangers vs 1 for TORONTO Maple Leafs.
Shots for this period are 11 for NEW YORK Rangers vs 12 for TORONTO Maple Leafs.

3rd period


0:01 of 3rd period - Jamie Benn wins face-off versus Tyler Seguin in neutral zone.
0:01 of 3rd period - Justin Faulk is hit by Corey Perry and loses puck.
0:05 of 3rd period - Jared Spurgeon is hit by Corey Perry and loses puck.
0:14 of 3rd period - Shot by Mats Zuccarello.
0:14 of 3rd period - Shot Misses the Net.
0:15 of 3rd period - Minor Penalty to Vince Dunn for Interference.
0:16 of 3rd period - Tyler Seguin wins face-off versus Brayden Schenn in TORONTO Maple Leafs zone.
0:29 of 3rd period - Shot by Kasperi Kapanen.
0:29 of 3rd period - Deflect By Timo Meier.
0:29 of 3rd period - Stopped by Matt Murray without a rebound.
0:30 of 3rd period - Jamie Benn wins face-off versus Tyler Seguin in TORONTO Maple Leafs zone.
0:45 of 3rd period - Shot by Justin Faulk.
0:45 of 3rd period - Shot Misses the Net.
0:57 of 3rd period - Shot by Jared Spurgeon.
0:57 of 3rd period - Shot Blocked by Alex Goligoski.
1:06 of 3rd period - Jamie Benn is hit by Shayne Gostisbehere and loses puck.
1:34 of 3rd period - Icing by Tyler Myers.
1:35 of 3rd period - Brayden Schenn wins face-off versus Josh Bailey in NEW YORK Rangers zone.
1:42 of 3rd period - Shot by Brayden Schenn.
1:42 of 3rd period - Stopped by Matt Murray without a rebound.
1:43 of 3rd period - Brayden Schenn wins face-off versus Josh Bailey in TORONTO Maple Leafs zone.
2:05 of 3rd period - Shot by Brayden Schenn.
2:05 of 3rd period - Shot Blocked by John Marino.
2:07 of 3rd period - Shot by Tyler Myers.
2:07 of 3rd period - Stopped by Matt Murray without a rebound.
2:08 of 3rd period - Jamie Benn wins face-off versus Josh Bailey in TORONTO Maple Leafs zone.
2:09 of 3rd period - Shot by Justin Faulk.
2:09 of 3rd period - Stopped by Matt Murray without a rebound.
2:10 of 3rd period - Tyler Seguin wins face-off versus Jamie Benn in TORONTO Maple Leafs zone.
2:28 of 3rd period - Off-side.
2:29 of 3rd period - Jamie Benn wins face-off versus Ryan Carpenter in neutral zone.
2:29 of 3rd period - Jamie Benn is hit by Jonah Gadjovich.
2:39 of 3rd period - Shot by Chris Kreider.
2:39 of 3rd period - Deflect By Jamie Benn.
2:39 of 3rd period - Shot Blocked by Nick Leddy.
2:58 of 3rd period - Justin Faulk is hit by John Marino and loses puck.
3:10 of 3rd period - Jamie Benn is hit by John Marino.
4:11 of 3rd period - Icing by John Marino.
4:12 of 3rd period - Andrew Copp wins face-off versus Ryan Carpenter in TORONTO Maple Leafs zone.
4:12 of 3rd period - Andrew Copp is hit by John Marino.
4:39 of 3rd period - Minor Penalty to Vince Dunn for Hooking.
4:40 of 3rd period - Tyler Seguin wins face-off versus Jamie Benn in TORONTO Maple Leafs zone.
5:18 of 3rd period - Shot by Jared Spurgeon.
5:18 of 3rd period - Stopped by Matt Murray without a rebound.
5:19 of 3rd period - Tyler Seguin wins face-off versus Brayden Schenn in TORONTO Maple Leafs zone.
5:30 of 3rd period - Shot by Tyler Myers.
5:30 of 3rd period - Stopped by Matt Murray without a rebound.
5:31 of 3rd period - Tyler Seguin wins face-off versus Brayden Schenn in TORONTO Maple Leafs zone.
5:48 of 3rd period - Shot by Brayden Schenn.
5:48 of 3rd period - Shot Misses the Net.
6:11 of 3rd period - Kasperi Kapanen is hit by John Marino and loses puck.
6:34 of 3rd period - Icing by Brayden Schenn.
6:35 of 3rd period - Tyler Seguin wins face-off versus Brayden Schenn in NEW YORK Rangers zone.
7:49 of 3rd period - Icing by Casey Cizikas.
7:50 of 3rd period - Tyler Seguin wins face-off versus Casey Cizikas in NEW YORK Rangers zone.
7:57 of 3rd period - Shot by Tyler Seguin.
7:57 of 3rd period - Stopped by Linus Ullmark without a rebound.
7:58 of 3rd period - Conor Garland wins face-off versus Tyler Seguin in NEW YORK Rangers zone.
8:08 of 3rd period - Icing by Cam Fowler.
8:09 of 3rd period - Sam Lafferty wins face-off versus Brayden Schenn in NEW YORK Rangers zone.
8:22 of 3rd period - Shot by Brayden Schenn.
8:22 of 3rd period - Goal by Brayden Schenn - NEW YORK Rangers : 3 - TORONTO Maple Leafs : 1.
8:23 of 3rd period - Tyler Seguin wins face-off versus Jamie Benn in neutral zone.
8:50 of 3rd period - Shot by Justin Faulk.
8:50 of 3rd period - Shot Blocked by Nick Leddy.
8:52 of 3rd period - Shot by Justin Faulk.
8:52 of 3rd period - Stopped by Matt Murray without a rebound.
8:53 of 3rd period - Sam Lafferty wins face-off versus Brayden Schenn in TORONTO Maple Leafs zone.
9:06 of 3rd period - Shot by Sam Lafferty.
9:06 of 3rd period - Shot Misses the Net.
9:35 of 3rd period - Brayden Schenn is hit by Artem Zub and loses puck.
9:50 of 3rd period - Chris Kreider is hit by Sam Lafferty and loses puck.
10:08 of 3rd period - Icing by Shayne Gostisbehere.
10:09 of 3rd period - Andrew Copp wins face-off versus Tyler Seguin in TORONTO Maple Leafs zone.
10:36 of 3rd period - Shot by Kirill Marchenko.
10:36 of 3rd period - Shot Misses the Net.
10:41 of 3rd period - Vince Dunn is hit by Dante Fabbro.
11:05 of 3rd period - Nick Leddy is hit by Kasperi Kapanen and loses puck.
11:33 of 3rd period - Icing by Nick Leddy.
11:34 of 3rd period - Jamie Benn wins face-off versus Ryan Carpenter in TORONTO Maple Leafs zone.
11:39 of 3rd period - Shot by Mats Zuccarello.
11:39 of 3rd period - Stopped by Matt Murray without a rebound.
11:40 of 3rd period - Jamie Benn wins face-off versus Colin White in TORONTO Maple Leafs zone.
11:40 of 3rd period - Jamie Benn is hit by Artem Zub.
12:23 of 3rd period - Off-side.
12:24 of 3rd period - Tyler Seguin wins face-off versus Brayden Schenn in neutral zone.
13:00 of 3rd period - Icing by Tyler Myers.
13:01 of 3rd period - Brayden Schenn wins face-off versus Kevin Stenlund in NEW YORK Rangers zone.
13:01 of 3rd period - Brayden Schenn is hit by Kevin Stenlund.
13:04 of 3rd period - Icing by Conor Garland.
13:05 of 3rd period - Brayden Schenn wins face-off versus Colin White in NEW YORK Rangers zone.
13:05 of 3rd period - Brayden Schenn is hit by Sam Lafferty.
13:41 of 3rd period - Shot by Colin White.
13:41 of 3rd period - Shot Misses the Net.
15:39 of 3rd period - Shot by Jonah Gadjovich.
15:39 of 3rd period - Shot Misses the Net.
15:59 of 3rd period - Shot by Casey Cizikas.
15:59 of 3rd period - Shot Misses the Net.
16:30 of 3rd period - Nick Leddy is hit by Timo Meier.
16:40 of 3rd period - Shot by Colin White.
16:40 of 3rd period - Stopped by Linus Ullmark with a rebound.
16:42 of 3rd period - Shot by Sam Lafferty.
16:42 of 3rd period - Shot Blocked by Justin Faulk.
16:48 of 3rd period - Shot by Sam Lafferty.
16:48 of 3rd period - Stopped by Linus Ullmark without a rebound.
16:49 of 3rd period - Jamie Benn wins face-off versus Kevin Stenlund in NEW YORK Rangers zone.
16:49 of 3rd period - Jamie Benn is hit by Janne Kuokkanen.
17:01 of 3rd period - Shot by Mats Zuccarello.
17:01 of 3rd period - Stopped by Matt Murray without a rebound.
17:02 of 3rd period - Kevin Stenlund wins face-off versus Andrew Copp in TORONTO Maple Leafs zone.
17:11 of 3rd period - Shot by Janne Kuokkanen.
17:11 of 3rd period - Shot Misses the Net.
17:36 of 3rd period - Icing by Kevin Stenlund.
17:37 of 3rd period - Jamie Benn wins face-off versus Kevin Stenlund in TORONTO Maple Leafs zone.
17:42 of 3rd period - Shot by Mats Zuccarello.
17:42 of 3rd period - Shot Misses the Net.
17:50 of 3rd period - Shot by Jared Spurgeon.
17:50 of 3rd period - Stopped by Matt Murray with a rebound.
17:52 of 3rd period - Shot by Jared Spurgeon.
17:52 of 3rd period - Goal by Jared Spurgeon - NEW YORK Rangers : 4 - TORONTO Maple Leafs : 1.
17:53 of 3rd period - Tyler Seguin wins face-off versus Conor Garland in neutral zone.
18:04 of 3rd period - Shot by Tyler Seguin.
18:04 of 3rd period - Shot Misses the Net.
18:18 of 3rd period - Shot by Corey Perry.
18:18 of 3rd period - Shot Misses the Net.
18:57 of 3rd period - Icing by Sam Lafferty.
18:58 of 3rd period - Sam Lafferty wins face-off versus Jamie Benn in TORONTO Maple Leafs zone.
19:42 of 3rd period - Icing by Alex Goligoski.
19:43 of 3rd period - Sam Lafferty wins face-off versus Andrew Copp in TORONTO Maple Leafs zone.
19:55 of 3rd period - Minor Penalty to Shayne Gostisbehere for High sticking.
19:56 of 3rd period - Tyler Seguin wins face-off versus Brayden Schenn in TORONTO Maple Leafs zone.
Goals for this period are 2 for NEW YORK Rangers vs 0 for TORONTO Maple Leafs.
Shots for this period are 12 for NEW YORK Rangers vs 3 for TORONTO Maple Leafs. Output by the SimonT Hockey Simulator (STHS) for Martin Benoit - Original Page W3C HTML5 Valid
Hockey Simulator - Hockey Simulation - Hockey Manager